 Dungeon Crawl Stone Soup version 0.27.1 (webtiles) character file.

Game seed: 9732036953629238318

20 TinyDot the Firebug (level 2, -1/20 HPs)
             Began as a Hill Orc Fire Elementalist on Aug 23, 2021.
             Slain by a goblin (2 damage)
             ... on level 1 of the Dungeon.
             The game lasted 00:06:47 (989 turns).

TinyDot the Firebug (Hill Orc Fire Elementalist)     Turns: 989, Time: 00:06:48

Health: -1/20      AC:  2    Str: 10    XL:     2   Next: 79%
Magic:  4/4        EV: 12    Int: 15    God:
Gold:   8          SH:  0    Dex: 11    Spells: 3/4 levels left

rFire    . . .     SeeInvis .   d - +0 short sword
rCold    . . .     Faith    .   (no shield)
rNeg     . . .     Spirit   .   a - +0 robe
rPois    .         Reflect  .   (no helmet)
rElec    .         Harm     .   (no cloak)
rCorr    .         Rampage  .   (no gloves)
Will     .....                  (no boots)
Stlth    ++........             (no amulet)
HPRegen  0.06/turn              (no ring)
MPRegen  0.09/turn              (no ring)

@: no status effects
A: no striking features
a: no special abilities


You were on level 1 of the Dungeon.
You visited 1 branch of the dungeon, and saw 1 of its levels.

You collected 8 gold pieces.

Inventory:

Hand Weapons
 d - a +0 short sword (weapon)
 g - a +0 short sword
 i - a +0 hand axe
Missiles
 k - 9 poisoned darts (quivered)
Armour
 a - a +0 robe (worn)
 c - a +0 robe
 e - a +0 robe
Scrolls
 j - a scroll of magic mapping {unknown}
Potions
 b - a potion of might {unknown}
 f - a potion of degeneration {unknown}
 h - a potion of cancellation {unknown}


   Skills:
 + Level 0.4 Short Blades
 + Level 1.7 Dodging
 + Level 1.6 Stealth
 + Level 1.8 Spellcasting
 + Level 1.2 Conjurations
 + Level 3.7 Fire Magic


You had 3 spell levels left.
You knew the following spells:

 Your Spells              Type           Power      Damage    Failure   Level
a - Foxfire               Conj/Fire      32%        2x1d5     9%          1

Your spell library contained the following spells:

 Spells                   Type           Power      Damage    Failure   Level
 Conjure Flame            Conj/Fire      8%         6-21      24%         3
 Inner Flame              Hex/Fire       6%         N/A       32%         3
 Sticky Flame             Conj/Fire      8%         2d3       63%         4
 Fireball                 Conj/Fire      4%         3d4       92%         5


Dungeon Overview and Level Annotations

Branches:
Dungeon (1/15)

Altars:


Message History

The foxfire hits the bat but does no damage.
The bat hits you but does no damage. The bat hits you.
You barely miss the bat. The bat hits you but does no damage.
The bat misses you. The bat closely misses you.
You hit the bat.
The bat is severely wounded.
The bat closely misses you.
You hit the bat.
You kill the bat!
You see here a stone.
You see here a stone.
Found an emerald potion.
Found a stone staircase leading down.
Found a hand axe.
h - an emerald potion You see here a +0 hand axe.
You see here a +0 hand axe.
i - a +0 hand axe
Found a scroll labelled MAODUE MOBOOPTUDA.
j - a scroll labelled MAODUE MOBOOPTUDA
As you read the scroll labelled SAFETH GUREX, it crumbles to dust.
The scroll dissolves into smoke.
It was a scroll of fog.
Found a black potion.
f - a black potion
Found 16 stones.
You see here 16 stones.
Found 9 poisoned darts.
You see here 9 poisoned darts.
You see here 9 poisoned darts.
k - 9 poisoned darts
Okay, then.
A goblin comes into view.
It is wielding a +0 dagger of electrocution.
A giant cockroach comes into view.
You closely miss the goblin.
The goblin hits you with a +0 dagger of electrocution.
You are electrocuted!
Ouch! That really hurt!
* * * LOW HITPOINT WARNING * * *
You closely miss the goblin.
The goblin hits you with a +0 dagger of electrocution.
You die...

#.#
#.#.#
#.#.#
#.#.#
#.#.#
#.#.#
#.#B#
#.#g#
#.#@#
#.#.#
#.#.#
#.#.#
#.#.#
#.#.#
#.#.#
#.#.#
#.#.#


You could see a giant cockroach and a goblin.

Vanquished Creatures
  3 bats (D:1)
  2 endoplasms (D:1)
  5 giant cockroaches (D:1)
  A hobgoblin (D:1)
  2 jackals (D:1)
  2 kobolds (D:1)
15 creatures vanquished.

Vanquished Creatures (others)
  26 foxfires (D:1)
26 creatures vanquished.

Grand Total: 41 creatures vanquished

Notes
Turn   | Place    | Note
-------+----------+-------------------------------------------
     0 | D:1      | TinyDot the Hill Orc Fire Elementalist began the quest for
                  | the Orb.
     0 | D:1      | Reached XP level 1. HP: 14/14 MP: 3/3
   378 | D:1      | Reached XP level 2. HP: 17/20 MP: 0/4
   988 | D:1      | HP: 1/20 [goblin (17)]
   989 | D:1      | Slain by a goblin

Illustrated notes

Levels and vault maps discovered:
D:1:      scummos_arrival_checkerplants, layout_basic, hex_intersection

Action                   || total
-------------------------++-------
Melee: Unarmed           ||     8
       Short sword       ||    31
 Cast: Foxfire           ||    18
  Use: Scroll            ||     1
Armor: Robe              ||    18
Dodge: Dodged            ||    55
